AoeStats
← Kevin Fuquen

Migration

510205095Analyzed
1v1 RM · 2d ago on Sep 29, 2026· 39m 12s· 2 players
Game mode
Random Map
Map size
132×132
Population
200
Speed
Normal
Resources
Standard
Victory
Conquest
Starting age
Dark Age
Ending age
Imperial Age
RankedLock teamsTeams togetherTeam positionsShared explorationLock speedFull tech treeHidden civsTurbo modeCheats
Victory
Defeat
🇺🇸 Celts · United States
712
+14
🇨🇴 Koreans · Colombia
668
-31
Kevin Fuquen
0:40 Loom
11:50 Feudal Age
14:01 Wheelbarrow
13:11 Town Watch
15:02 Double-Bit Axe
15:42 Forging
18:15 Gold Mining
17:49 Man-at-Arms
22:46 Castle Age
21:08 Fletching
21:19 Scale Mail Armor
21:26 Scale Barding Armor
23:44 Squires
23:42 Crossbowman
24:47 Medium Warships
28:27 Iron Casting
28:46 Hand Cart
29:37 Bodkin Arrow
30:37 Murder Holes
31:57 Ballistics
33:28 Gold Shaft Mining
32:47 Stone Mining
33:25 Bow Saw
34:32 Masonry
35:18 Thumb Ring
tbigbawls
15:04 Feudal Age
16:28 Wheelbarrow
15:41 Double-Bit Axe
15:49 Stone Mining
15:50 Gold Mining
18:58 Fishing Lines
24:16 Castle Age
25:11 Gillnets
30:41 Imperial Age
28:45 Murder Holes
29:46 Hand Cart
29:17 Town Watch
29:25 Heated Shot
29:59 Medium Warships
30:09 Medium Warships
30:06 Horse Collar
32:26 Conscription
32:46 Ballistics
33:42 Heavy Warships
33:40 Bow Saw
33:41 Heavy Plow
33:47 Fletching
35:06 Hoardings
34:48 Bodkin Arrow
35:14 Masonry
35:09 Stronghold
Connection lost

Rejoining the realm…

Still unreachable

The connection could not be restored.

Session expired

The server has moved on; the page needs a fresh start.